 Dungeon Crawl Stone Soup version 0.16-a0-1243-g6e0463c (console) character file.

185 Draccul the Sneak (level 5, 0/35 HPs)
             Began as a Vampire Wizard on Oct 13, 2014.
             Slain by a water moccasin zombie (3 damage)
             ... in an ossuary.
             The game lasted 00:12:40 (2136 turns).

Draccul the Sneak (Vampire Wizard)                  Turns: 2136, Time: 00:12:40

Health: 0/35       AC:  6    Str:  7    XL:     5   Next: 37%
Magic:  6/11       EV: 10    Int: 20    God:
Gold:   153        SH:  0    Dex: 12    Spells: 4 memorised, 3 levels left

rFire  . . .     SeeInvis +     a - +4 dagger
rCold  + . .     Clarity  .     f - +0 leather armour
rNeg   + + .     SustAb   .     (no shield)
rPois  +         Gourm    .     k - +1 hat
rElec  .         Spirit   .     n - +0 cloak
rCorr  .         Warding  .     j - +0 pair of gloves
rMut   .         Stasis   .     (no boots)
MR     .....                    (no amulet)
Stlth  +++.......               (no ring)
                                (no ring)

@: very slightly contaminated, regenerating slowly, hasted, very quick, not
resistant to hostile enchantments, fairly stealthy
A: fangs 3, see invisible, unbreathing
a: Bat Form


You were in an ossuary.
You were thirsty.

You visited 1 branch of the dungeon, and saw 4 of its levels.
You also visited: Ossuary.

You collected 153 gold pieces.

Inventory:

Hand weapons
 a - a +4 dagger (weapon)
Missiles
 l - 27 poisoned needles
Armour
 f - a +0 leather armour (worn)
 j - a +0 pair of gloves (worn)
 k - a +1 hat (worn)
 n - a +0 cloak (worn)
Magical devices
 s - a wand of frost (48)
Scrolls
 d - 5 scrolls of identify
 m - 2 scrolls of remove curse {unknown}
Potions
 g - a potion of cure mutation
Books
 c - a book of Minor Magic

   Spells                             Type                      Level
   *Magic Dart                        Conjuration                  1
   *Blink                             Translocation                2
   *Call Imp                          Summoning                    2
   Repel Missiles                     Charms/Air                   2
   Slow                               Hexes                        2
   Conjure Flame                      Conjuration/Fire             3
   *Mephitic Cloud                    Conjuration/Poison/Air       3
Comestibles
 u - a beef jerky


   Skills:
 * Level 2.7 Short Blades
 + Level 2.8 Dodging
 * Level 5.3 Stealth
 + Level 3.5 Spellcasting
 - Level 1.0 Conjurations
 - Level 1.0 Summonings
 - Level 1.0 Translocations
 * Level 1.4 Air Magic


You had 3 spell levels left.
You knew the following spells:

 Your Spells              Type           Power        Failure   Level  Hunger
a - Magic Dart            Conj           #...         12%         1    None
b - Call Imp              Summ           #.......     17%         2    ##.....
c - Mephitic Cloud        Conj/Pois/Air  #.......     30%         3    ###....
B - Blink                 Tloc           N/A          17%         2    ##.....


Dungeon Overview and Level Annotations

Branches:
Dungeon (4/15)
 Temple: D:4-7

Altars:
Ashenzari
Dithmenos
Gozag
Kikubaaqudgha
Nemelex Xobeh
Qazlal

Annotations:
D:3 Draccul's ghost, average DrMo
D:4 Dowan; Duvessa


Innate Abilities, Weirdness & Mutations

You heal slowly.
You have razor-sharp teeth.
You have supernaturally acute eyesight.
You can survive without breathing.


Message History

Your crimson imp barely misses the water moccasin zombie.
Your crimson imp completely misses the water moccasin zombie.
The water moccasin zombie bites you.
* * * LOW HITPOINT WARNING * * *
You hit the water moccasin zombie.
Your bite misses the water moccasin zombie.
The water moccasin zombie bites you but does no damage.
Your crimson imp barely misses the water moccasin zombie.
Your crimson imp completely misses the water moccasin zombie.
You closely miss the water moccasin zombie.
The water moccasin zombie bites you but does no damage.
Your crimson imp hits the water moccasin zombie.
Your crimson imp misses the water moccasin zombie.
The water moccasin zombie bites you.
* * * LOW HITPOINT WARNING * * *
Drink which item? (? for menu, Esc to quit)
You feel yourself speed up.
Your crimson imp hits the water moccasin zombie. x2
The water moccasin zombie bites you.
You die...

#...# #'###
#^^.# #.^.#
#^..# #^..#
############'#
+...Z#5.^'...#
#..ZZZ@..#...#
#...Z#5.^#...#
##############


You could see 2 water moccasin zombies, a hobgoblin zombie, a kobold zombie, an
orc zombie and 2 friendly crimson imps.

Vanquished Creatures
  A water moccasin zombie (Ossuary)
  An adder (D:3)
  2 adder zombies (Ossuary)
  2 giant geckos
  An ooze (D:4)
  8 orcs
  6 giant cockroaches
  3 gnoll zombies (Ossuary)
  7 hobgoblins
  4 jackals (D:3)
  12 bats
  7 goblins
  2 hobgoblin zombies (Ossuary)
  8 kobolds
  2 kobold zombies (Ossuary)
  3 orc zombies (Ossuary)
  A quokka (D:4)
  7 rats
77 creatures vanquished.

Vanquished Creatures (collateral kills)
  An orc wizard (D:3)
  2 adders
  An orc (D:3)
  A hobgoblin zombie (Ossuary)
5 creatures vanquished.

Grand Total: 82 creatures vanquished

Notes
Turn   | Place    | Note
--------------------------------------------------------------
     0 | D:1      | Draccul, the Vampire Wizard, began the quest for the Orb.
     0 | D:1      | Reached XP level 1. HP: 13/13 MP: 4/4
   264 | D:1      | Reached skill level 1 in Conjurations
   292 | D:1      | Reached XP level 2. HP: 7/19 MP: 0/6
   298 | D:1      | Learned a level 2 spell: Call Imp
   319 | D:1      | Learned a level 2 spell: Blink
   702 | D:1      | Reached skill level 4 in Stealth
   808 | D:2      | Reached XP level 3. HP: 22/24 MP: 4/8
   912 | D:2      | Found a sparkling altar of Nemelex Xobeh.
   913 | D:2      | Found an ancient bone altar of Kikubaaqudgha.
   914 | D:2      | Found an opulent altar of Gozag.
   916 | D:2      | Found a stormy altar of Qazlal.
  1081 | D:2      | Found a shattered altar of Ashenzari.
  1082 | D:2      | Found a shadowy altar of Dithmenos.
  1102 | D:2      | Reached skill level 1 in Short Blades
  1233 | D:3      | Reached skill level 1 in Translocations
  1296 | D:3      | Reached XP level 4. HP: 30/30 MP: 3/9
  1382 | D:3      | Learned a level 3 spell: Mephitic Cloud
  1621 | D:3      | Noticed Draccul's ghost (average DrMo)
  1638 | D:4      | Reached skill level 5 in Stealth
  1740 | D:4      | Noticed Dowan
  1742 | D:4      | Noticed Duvessa
  1756 | D:4      | Found a sand-covered staircase.
  1763 | Ossuary  | Entered an ossuary
  1793 | Ossuary  | Reached skill level 1 in Air Magic
  1793 | Ossuary  | Reached XP level 5. HP: 16/35 MP: 8/11
  2136 | Ossuary  | Slain by a water moccasin zombie

Action                   |  1- 3 |  4- 6 || total
-------------------------+-------+-------++-------
Melee: Unarmed           |    42 |       ||    42
       Dagger            |    43 |   119 ||   162
 Cast: Magic Dart        |    58 |    19 ||    77
       Call Imp          |     4 |     7 ||    11
  Use: Potion            |     1 |     2 ||     3
       Scroll            |       |    11 ||    11
 Stab: Sleeping          |     1 |     6 ||     7
  Eat: Corpse            |       |     2 ||     2
